 Dungeon Crawl Stone Soup version 0.28-a0-8-g6e044cfa68 (webtiles) character file.

Game seed: 13313231477763575330

734 nelgraf2 the Insei (level 7, -2/55 HPs)
             Began as a Black Draconian Transmuter on July 23, 2021.
             Was an Initiate of Cheibriados.
             Slain by a phantom (7 damage)
             ... in the Ecumenical Temple.
             The game lasted 00:27:06 (8166 turns).

nelgraf2 the Insei (Black Draconian Transmuter)     Turns: 8166, Time: 00:27:07

Health: -2/55      AC:  6    Str: 13    XL:     7   Next: 45%
Magic:  12/12      EV: 13    Int: 14    God:    Cheibriados [......]
Gold:   172        SH:  0    Dex: 15    Spells: 12/13 levels left

rFire   . . .      SeeInvis .     - Unarmed
rCold   . . .      Faith    .   (no shield)
rNeg    . . .      Spirit   .   (armour unavailable)
rPois   .          Reflect  .   (helmet currently unavailable)
rElec   +          Harm     .   (no cloak)
rCorr   .          Rampage  .   (no gloves)
Will    .....                   (boots currently unavailable)
Stlth   ++........              d - amulet of magic regeneration
HPRegen 0.18/turn               (no ring)
MPRegen 0.38/turn               (no ring)

@: appendages (expiring), very slow
A: horns 2, talons 2, breathe lightning, AC +6, unfitting armour, electricity
resistance, cold-blooded
a: Breathe Lightning, End Transformation, Renounce Religion, Bend Time


You were in the Ecumenical Temple.
You worshipped Cheibriados.
Cheibriados was noncommittal.
You had temporarily grown beastly horns and talons.
You visited 2 branches of the dungeon, and saw 6 of its levels.
You also visited: Sewer.

You collected 172 gold pieces.

Inventory:

Armour
 i - a scarf of invisibility
Magical Staves
 s - a staff of fire
Jewellery
 d - an amulet of magic regeneration (around neck)
Wands
 j - a wand of polymorph (4)
Scrolls
 h - a scroll of summoning {unknown}
 k - 6 scrolls of teleportation
 m - 2 scrolls of blinking
 p - a scroll of fear
 q - 2 scrolls of enchant armour {unknown}
 r - a scroll of holy word {unknown}
Potions
 a - a potion of lignification
 b - 2 potions of might
 c - 2 potions of cancellation
 e - 2 potions of heal wounds
 f - 3 potions of haste
 l - a potion of attraction
 n - 2 potions of brilliance {unknown}
 o - 2 potions of invisibility {unknown}


   Skills:
 + Level 2.2 Fighting
 + Level 3.8 Dodging
 - Level 1.0 Stealth
 + Level 5.7 Unarmed Combat
 + Level 3.8 Spellcasting
 + Level 3.7 Transmutations


You had 12 spell levels left.
You knew the following spells:

 Your Spells              Type           Power      Damage    Failure   Level
a - Beastly Appendage     Tmut           26%        N/A       4%          1

Your spell library contained the following spells:

 Spells                   Type           Power      Damage    Failure   Level
 Wereblood                Tmut           13%        N/A       6%          2
 Spider Form              Tmut/Pois      3%         N/A       26%         3
 Frozen Ramparts          Ice            4%         1d2       52%         3
 Gell's Gravitas          Tloc           1%         N/A       52%         3
 Teleport Other           Tloc           2%         N/A       52%         3
 Ice Form                 Ice/Tmut       7%         N/A       65%         4
 Summon Ice Beast         Ice/Summ       2%         N/A       89%         4
 Dispersal                Tloc           1%         N/A       100%        6


Dungeon Overview and Level Annotations

Branches:
Dungeon (5/15)             Temple (1/1) D:5           Sewer (visited)

Altars:
Cheibriados
Elyvilon
Fedhas
Gozag
Hepliaklqana
Kikubaaqudgha
Nemelex Xobeh
Okawaru
Qazlal
Sif Muna
Trog
Uskayaw
Vehumet
Wu Jian
Xom
Zin
The Shining One


Innate Abilities, Weirdness & Mutations

You have temporarily grown beastly horns and talons.
You can breathe wild blasts of lightning.
Your glossy black scales are hard. (AC +6)
You cannot fit into any form of body armour.
You are resistant to electric shocks. (rElec)
You are cold-blooded and may be slowed by cold attacks.


Message History

Casting: Beastly Appendage (safe; 4% risk of failure)
Confirm with . or Enter, or press ? or * to list all spells.
You grow a pair of large bovine horns.
Your feet morph into talons.
The phantom closely misses you. The phantom hits you!
The phantom blinks!
You blink.
Unknown command.
The phantom hits you.
There is a staircase to the Ecumenical Temple, spattered with blood here.
You can't go up here!
The phantom closely misses you. The phantom hits you.
You climb downwards.
Welcome back to the Ecumenical Temple!
There is a staircase back to the Dungeon, spattered with blood here.
You closely miss the phantom. You claw the phantom.
The phantom is moderately damaged.
The phantom hits you!
The phantom blinks!
The phantom hits you.
* * * LOW HITPOINT WARNING * * *
Unknown command.
The phantom hits you.
* * * LOW HITPOINT WARNING * * *
You climb upwards.
Welcome back to the Dungeon!
There is a staircase to the Ecumenical Temple, spattered with blood here.
You hit the phantom. Your kick misses the phantom. You tail-slap the phantom.
The phantom is moderately damaged.
Your transformation is almost over.
The phantom barely misses you.
You hit the phantom but do no damage. Your kick misses the phantom.
You tail-slap the phantom, but do no damage.
The phantom is lightly damaged.
You barely miss the phantom. Your kick misses the phantom.
You headbutt the phantom.
The phantom is moderately damaged.
The phantom hits you.
* * * LOW HITPOINT WARNING * * *
A phantom comes into view.
The phantom barely misses you.
You climb downwards.
Welcome back to the Ecumenical Temple!
The phantom hits you.
* * * LOW HITPOINT WARNING * * *
The phantom hits you!
You die...

≈≈≈≈≈≈≈≈...≈≈≈.......≈≈≈≈≈≈≈≈
≈≈≈≈≈≈≈≈≈≈≈≈≈≈≈...≈≈≈≈≈≈≈≈≈≈≈
≈≈≈≈≈≈≈≈≈≈≈≈≈≈≈≈...≈≈≈≈≈≈≈≈≈≈
≈≈≈≈≈≈≈≈≈≈≈≈≈≈≈≈≈...≈≈≈≈≈≈≈≈≈
≈≈≈≈≈≈≈≈≈≈≈≈≈≈≈≈≈...≈≈≈≈≈≈≈≈≈
≈≈≈≈≈≈≈≈≈≈≈≈≈≈≈≈...≈≈≈≈≈≈≈≈≈≈
≈≈≈≈≈≈≈≈≈≈≈≈≈≈≈...≈≈≈≈≈≈≈≈≈≈≈
≈≈≈≈≈≈≈≈....W......≈≈≈≈≈≈≈≈
≈≈≈≈≈≈≈..8..)@W..8..≈≈≈≈≈≈≈
≈≈≈≈≈≈≈≈.....[)....≈≈≈≈≈≈≈≈
≈≈≈≈≈≈≈≈≈≈≈...≈≈≈≈≈≈≈≈≈≈≈≈≈≈≈
≈≈≈≈≈≈≈≈≈≈...≈≈≈≈≈≈≈≈≈≈≈≈≈≈≈≈
≈≈≈≈≈≈≈≈≈...≈≈≈≈≈≈≈≈≈≈≈≈≈≈≈≈≈
≈≈≈≈≈≈≈≈≈...≈≈≈≈≈≈≈≈≈≈≈≈≈≈≈≈≈
≈≈≈≈≈≈≈≈≈≈...≈≈≈≈≈≈≈≈≈≈≈≈≈≈≈≈
≈≈≈≈≈≈≈≈≈≈≈...≈≈≈≈≈≈≈≈≈≈≈≈≈≈≈
≈≈≈≈≈≈≈≈.......≈≈≈...≈≈≈≈≈≈≈≈


You could see 2 phantoms.

Vanquished Creatures
  A centaur (D:5)
  A gnoll sergeant (Temple)
  2 bullfrogs (Sewer)
  A water moccasin zombie (D:5)
  An orc priest (D:3)
  An iguana (D:5)
  An orc wizard (D:5)
  A howler monkey skeleton (D:4)
  6 gnolls
  8 adders
  6 river rats (Sewer)
  A shadow imp (D:3)
  An adder skeleton (D:5)
  2 worms
  4 dart slugs
  4 orcs
  12 endoplasms
  6 giant cockroaches
  4 goblins
  4 hobgoblins
  7 jackals
  6 quokkas
  11 ball pythons
  2 bats (D:1)
  3 frilled lizards
  6 kobolds
  27 rats
129 creatures vanquished.

Notes
Turn   | Place    | Note
-------+----------+-------------------------------------------
     0 | D:1      | nelgraf2 the Draconian Transmuter began the quest for the
                  | Orb.
     0 | D:1      | Reached XP level 1. HP: 16/16 MP: 3/3
   176 | D:1      | Found Jaoluher's Jewellery Shoppe.
   203 | D:1      | Reached XP level 2. HP: 8/23 MP: 3/5
  1169 | D:1      | Reached XP level 3. HP: 7/28 MP: 6/6
  1643 | D:1      | Found a faded altar of an unknown god.
  2273 | D:2      | Reached skill level 4 in Unarmed Combat
  2273 | D:2      | Reached XP level 4. HP: 33/35 MP: 7/7
  2609 | D:3      | Found a shimmering altar of Xom.
  2611 | D:3      | Found a broken altar of Ashenzari.
  2611 | D:3      | Found an iron altar of Okawaru.
  2613 | D:3      | Found a hazy altar of Hepliaklqana.
  2613 | D:3      | Found a shimmering altar of Xom.
  2613 | D:3      | Found a shimmering altar of Xom.
  2817 | D:3      | Found a glowing drain.
  2861 | Sewer    | Entered a sewer
  3229 | Sewer    | Reached XP level 5. HP: 36/40 MP: 9/9
  4744 | Sewer    | Reached skill level 1 in Stealth
  4744 | Sewer    | Reached XP level 6. HP: 40/47 MP: 10/10
  5109 | D:3      | Reached skill level 5 in Unarmed Combat
  6018 | D:5      | Entered Level 5 of the Dungeon
  6181 | D:5      | Found an opulent altar of Gozag.
  6223 | D:5      | Found a staircase to the Ecumenical Temple.
  6223 | D:5      | Found a blossoming altar of Fedhas.
  6244 | D:5      | Your scales start taking on a glossy black colour.
  6244 | D:5      | Reached XP level 7. HP: 21/53 MP: 12/12
  6244 | D:5      | Gained mutation: You are resistant to electric shocks.
                  | (rElec) [Black Draconian growth]
  6801 | Temple   | Entered the Ecumenical Temple
  7096 | Temple   | Became a worshipper of Cheibriados the Contemplative
  8166 | Temple   | Slain by a phantom

Illustrated notes

Levels and vault maps discovered:
D:1:      wander_arrival_desolate, layout_basic, serial_shops,
          nicolae_diamond_shop, ebering_ecumenical_altar_ruins
D:2:      layout_basic
D:3:      layout_loops_ring, doesnt_xom_only_xom, gup_sewer_entry_pipe
D:4:      layout_loops_cross, kennysheep_generic_room_3
D:5:      layout_rooms, nicolae_overflow_hidden_temple,
          fedhas_bush_and_centaur_altar, mainiacjoe_overflow_alcove_4,
          minmay_temple_entry_drinking_statues, minmay_ruined_shrine
Temple:   eino_temple_water

Skill      XL: |  1  2  3  4  5  6  7 |
---------------+----------------------+-----
Dodging        | 2 3 |  3.8
Unarmed Combat | 4 5 |  5.7
Spellcasting   | 3 |  3.8
Stealth        | 1 |  1.0
Transmutations | 3 |  3.7
Fighting       | 2 |  2.2

Action                   |  1- 3 |  4- 6 |  7- 9 || total
-------------------------+-------+-------+-------++-------
Melee: Unarmed           |   142 |   263 |    52 ||   457
       Kick              |    23 |    46 |     9 ||    78
       Tailslap          |    15 |    16 |     8 ||    39
       Headbutt          |    12 |    27 |    12 ||    51
       Punch             |     2 |     1 |     1 ||     4
 Cast: Beastly Appendage |    25 |    51 |    11 ||    87
 Abil: Breathe Lightning |       |       |     1 ||     1
Evoke: Wand              |       |     2 |       ||     2
  Use: Potion            |     1 |     2 |     1 ||     4
       Scroll            |       |    14 |       ||    14
 Stab: Sleeping          |     2 |     1 |       ||     3
Armor: Skin              |    47 |   122 |    26 ||   195
Dodge: Dodged            |    90 |   295 |    67 ||   452

Table legend: (Time is in decaauts)
 A = Elapsed time spent in this place.
 B = Non-inter-level travel time spent in this place.
 C = Inter-level travel time spent in this place.
 D = Time resting spent in this place.
 E = Time spent auto-exploring this place.
 F = Levels seen in this place.
 G = Mean time per level.
                   A        B        C        D        E       F      G
               +--------+--------+--------+--------+--------+-----+--------+
         Total |   8275 |   8171 |    104 |   2857 |   3716 |   7 | 1182.1 |
       Dungeon |   4903 |   4813 |     90 |    758 |   2997 |   5 |  980.6 |
        Temple |   1286 |   1273 |     13 |    921 |    203 |   1 | 1286.0 |
         Sewer |   2086 |   2086 |      0 |   1178 |    515 |   1 | 2086.0 |
               +--------+--------+--------+--------+--------+-----+--------+

Top non-repeatable levels by time:
   Sewer: 2086 daAuts
     D:1: 1784 daAuts
  Temple: 1286 daAuts
     D:3: 839 daAuts
     D:4: 821 daAuts
     D:2: 746 daAuts
     D:5: 711 daAuts
